AoeStats
← ogipochi_

Black Forest

505804206Analyzed
4v4 RM · 23d ago on Sep 11, 2026· 26m 34s· 8 players
Game mode
Random Map
Map size
Large (8 player)
Population
200
Speed
Normal
Resources
Standard
Victory
Conquest
Starting age
Dark Age
Ending age
Imperial Age
RankedLock teamsTeams togetherTeam positionsShared explorationLock speedFull tech treeHidden civsTurbo modeCheats
Victory
Defeat
🇨🇷 Britons · Costa Rica
829
+15
🇮🇳 Jurchens · India
806
+16
🇺🇸 Sicilians · United States
718
+20
🇯🇵 Khitans · Japan
716
+21
🇲🇽 Britons · Mexico
845
-19
🇲🇽 Spanish · Mexico
841
-19
🇨🇴 Saracens · Colombia
782
-17
🇺🇸 Persians · United States
779
-17
timodraw
12:17 Feudal Age
13:37 Wheelbarrow
12:50 Double-Bit Axe
12:51 Horse Collar
22:22 Castle Age
22:53 Man-at-Arms
23:35 Gold Mining
24:24 Bow Saw
25:30 Long Swordsman
conchetumother
2:25 Loom
16:12 Feudal Age
16:49 Double-Bit Axe
18:34 Horse Collar
22:42 Gold Mining
29:07 Castle Age
RESIST
2:17 Loom
11:48 Feudal Age
13:06 Wheelbarrow
12:20 Double-Bit Axe
13:55 Horse Collar
18:02 Castle Age
18:51 Bow Saw
18:55 Heavy Plow
Arsaavedra23
12:22 Feudal Age
17:55 Castle Age
16:29 Double-Bit Axe
16:57 Gold Mining
17:52 Horse Collar
18:46 Stone Mining
19:52 Wheelbarrow
20:02 Bow Saw
ogipochi_
0:57 Loom
11:50 Feudal Age
12:28 Double-Bit Axe
12:24 Domestication
12:37 Gold Mining
12:37 Town Watch
13:27 Wheelbarrow
13:20 Stone Mining
13:24 Arson
12:59 Man-at-Arms
14:01 Town Watch
17:18 Forging
17:17 Scale Mail Armor
21:49 Castle Age
22:20 Long Swordsman
23:01 Squires
22:47 Gambesons
23:38 Iron Casting
23:56 Hand Cart
24:27 Chain Mail Armor
dokoenig3
9:01 Loom
11:40 Feudal Age
17:11 Castle Age
16:16 Double-Bit Axe
16:13 Horse Collar
20:57 Murder Holes
21:37 Town Watch
26:14 Gold Mining
26:14 Stone Mining
_gaara_
1:05 Loom
15:34 Feudal Age
17:18 Double-Bit Axe
18:26 Horse Collar
19:02 Gold Mining
24:38 Castle Age
23:48 Stone Mining
26:00 Bow Saw
26:55 Wheelbarrow
FluxyAshYT
14:29 Feudal Age
19:06 Castle Age
19:11 Double-Bit Axe
19:10 Horse Collar
21:35 Forging
22:02 Gold Mining
23:51 Gold Shaft Mining
24:07 Scale Mail Armor
26:01 Bow Saw
25:48 Stone Mining
27:12 Caravan
Connection lost

Rejoining the realm…

Still unreachable

The connection could not be restored.

Session expired

The server has moved on; the page needs a fresh start.